 Dungeon Crawl Stone Soup version 0.26.0-45-g9c1d065592 (webtiles) character file.

Game seed: 6291358379831920590

3901 Mattiprrivan the Quickloader (level 10, -23/73 HPs)
             Began as a Human Hunter on Jan 27, 2021.
             Was an Initiate of Gozag.
             Killed from afar by an efreet (26 damage)
             ... with a fireball
             ... on level 9 of the Dungeon on Jan 28, 2021.
             The game lasted 01:35:31 (7764 turns).

Mattiprrivan the Quickloader (Human Hunter)         Turns: 7764, Time: 01:35:32

Health: -23/73     AC:  7    Str: 15    XL:     10   Next: 43%
Magic:  11/11      EV: 14    Int: 17    God:    Gozag
Gold:   1027       SH:  7    Dex: 15    Spells: 7/11 levels left

rFire    . . .     SeeInvis .   y - +1 dagger (venom)
rCold    . . .     Faith    .   f - +2 buckler
rNeg     . . .     Spirit   .   c - +2 leather armour
rPois    .         Reflect  .   (no helmet)
rElec    .         Harm     .   (no cloak)
rCorr    .         Rampage  .   s - +1 pair of gloves
Will     .....     Clarity  +   (no boots)
Stlth    ++........             (no amulet)
HPRegen  0.22/turn              (no ring)
MPRegen  0.12/turn              i - +6 ring of intelligence

@: about to teleport, very slightly contaminated
A: clarity
a: Renounce Religion, Potion Petition, Call Merchant, Bribe Branch


You were on level 9 of the Dungeon.
You worshipped Gozag.
Gozag was most pleased with you.
You visited 1 branch of the dungeon, and saw 9 of its levels.

You collected 1424 gold pieces.
You spent 126 gold pieces at shops.
You paid 271 gold pieces to Gozag.

Inventory:

Hand Weapons
 a - a +3 hand crossbow
 g - a +4 falchion
 y - a +1 dagger of venom (weapon)
Missiles
 e - 24 poisoned darts (quivered)
Armour
 c - a +2 leather armour (worn)
 f - a +2 buckler (worn)
 s - a +1 pair of gloves (worn)
Jewellery
 i - a +6 ring of intelligence (right hand)
 j - an uncursed ring of protection from cold
Scrolls
 d - a scroll of identify
 m - 2 scrolls of teleportation
 t - 2 scrolls of remove curse
 u - 2 scrolls of fog
 w - a scroll of blinking
Potions
 k - a potion of flight
 l - a potion of ambrosia
 o - 2 potions of brilliance
 q - 3 potions of magic


   Skills:
 * Level 4.8 Fighting
 * Level 3.7(4.3) Short Blades
 * Level 3.3(4.1) Long Blades
 * Level 8.9 Crossbows
 * Level 3.5 Throwing
 * Level 3.7 Armour
 * Level 4.2 Dodging
 * Level 4.1 Stealth
 * Level 3.4 Shields
 * Level 1.2 Spellcasting
 * Level 1.2 Conjurations
 * Level 1.2 Air Magic
 * Level 1.2 Poison Magic
 * Level 3.2 Evocations


You had 7 spell levels left.
You knew the following spells:

 Your Spells              Type           Power        Failure   Level
a - Mephitic Cloud        Conj/Pois/Air  5%           45%         3
b - Sting                 Tmut/Pois      12%          22%         1

Your spell library contained the following spells:

 Spells                   Type           Power        Failure   Level
 Poisonous Vapours        Pois/Air       10%          26%         2
 Ignite Poison            Fire/Tmut/Pois 2%           56%         3
 Olgreb's Toxic Radiance  Pois           5%           86%         4


Dungeon Overview and Level Annotations

Branches:
Dungeon (9/15)             Temple (0/1) D:4
   Lair: D:8-11         Orc: D:9-12

Altars:
Dithmenos
Elyvilon
Gozag
Makhleb
Okawaru
Qazlal
Ru
Trog
Yredelemnul

Shops:
D:5 *


Innate Abilities, Weirdness & Mutations

You possess an exceptional clarity of mind.


Message History

The fireball explodes!
The fireball engulfs you!!
You hear an angry buzzing noise.
You hear a shout!
You hear an angry buzzing noise. x2
You hear an angry buzzing noise.
The efreet hits you with a +0 scimitar of flaming!
The efreet burns you.
* * * LOW HITPOINT WARNING * * *
Things that are here:
14 gold pieces; a +0 flail; an arrow
Okay, then.
As you read the scroll of teleportation, it crumbles to dust.
You feel strangely unstable.
The efreet hits you with a +0 scimitar of flaming!
* * * LOW HITPOINT WARNING * * *
The efreet burns you.
* * * LOW HITPOINT WARNING * * *
The efreet gestures at you.
The fireball explodes!
The fireball engulfs you!!
You die...
Your body crumbles into a pile of gold.

## #.. #.# ## ####.#
..$ .>#.# .# .. #.#.#
.# ....####.#.# .#
.....$$$.((###.#.#...
.○###<((R$@......_.
#$$######.##.". #○.#
# #..# #... #.### #.#
$ #.. ## $


You could see an efreet (very poisoned).

Vanquished Creatures
  A two-headed ogre (D:8)
  A wyvern (D:8)
  A basilisk (D:7)
  A water moccasin (D:8)
  4 orc warriors
  2 sky beasts (D:5)
  A black bear (D:7)
  An ogre (D:4)
  2 centaurs
  Blork the orc (D:6)
  4 bullfrogs
  4 scorpions
  3 killer bees (D:7)
  7 wights (D:8)
  A centaur zombie (D:8)
  A bullfrog zombie (D:8)
  5 orc priests
  7 hounds
  4 orc wizards
  4 iguanas
  3 worker ants
  4 gnolls (D:6)
  A howler monkey skeleton (D:7)
  6 adders
  A shadow imp (D:6)
  5 white imps
  An ooze (D:4)
  2 adder skeletons
  2 worms
  2 dart slugs
  5 leopard geckos
  36 orcs
  A ball python (D:1)
  10 bats
  5 giant cockroaches
  11 goblins
  9 hobgoblins
  7 kobolds
  2 quokkas
  7 frilled lizards
  A jackal skeleton (D:4)
  2 leopard gecko skeletons (D:4)
  4 rats
182 creatures vanquished.

Vanquished Creatures (collateral kills)
  2 orcs
  A quokka (D:7)
  A jackal skeleton (D:7)
4 creatures vanquished.

Vanquished Creatures (others)
  A two-headed ogre (D:8)
  A black bear (D:7)
  3 orc priests (D:8)
  An iguana (D:8)
  An orc wizard (D:8)
  An adder (D:8)
  7 orcs (D:8)
15 creatures vanquished.

Grand Total: 201 creatures vanquished

Notes
Turn   | Place    | Note
-------+----------+-------------------------------------------
     0 | D:1      | Mattiprrivan the Human Hunter began the quest for the Orb.
     0 | D:1      | Reached XP level 1. HP: 16/16 MP: 1/1
   183 | D:1      | Reached XP level 2. HP: 22/22 MP: 2/2
   404 | D:1      | Reached XP level 3. HP: 27/27 MP: 3/3
   911 | D:2      | Reached XP level 4. HP: 33/33 MP: 4/4
  1022 | D:2      | Found an opulent altar of Gozag.
  1062 | D:2      | Became a worshipper of Gozag Ym Sagoz the Greedy
  1453 | D:3      | Reached skill level 1 in Armour
  2075 | D:4      | Reached skill level 1 in Short Blades
  2107 | D:4      | Reached XP level 5. HP: 38/38 MP: 5/5
  2277 | D:4      | Reached skill level 5 in Crossbows
  2315 | D:4      | Reached skill level 1 in Throwing
  2315 | D:4      | Reached skill level 1 in Shields
  2345 | D:4      | Found a staircase to the Ecumenical Temple.
  2407 | D:4      | Reached XP level 6. HP: 41/45 MP: 6/6
  2600 | D:4      | Noticed an ogre
  2606 | D:4      | Killed an ogre
  2746 | D:5      | Entered Level 5 of the Dungeon
  2747 | D:5      | Found Fapon's General Store.
  2817 | D:5      | Bought a scroll of enchant weapon for 90 gold pieces
  2817 | D:5      | Bought a potion of curing for 36 gold pieces
  2857 | D:5      | Reached skill level 1 in Evocations
  2857 | D:5      | Reached XP level 7. HP: 51/51 MP: 7/7
  2950 | D:5      | Reached skill level 1 in Long Blades
  3401 | D:5      | Reached skill level 6 in Crossbows
  3639 | D:5      | Reached XP level 8. HP: 58/58 MP: 8/8
  3780 | D:6      | Found a basalt altar of Yredelemnul.
  4182 | D:6      | Noticed Blork the orc
  4194 | D:6      | Killed Blork the orc
  4289 | D:6      | Found a burning altar of Makhleb.
  4289 | D:6      | Found a shadowy altar of Dithmenos.
  4350 | D:6      | Found an iron altar of Okawaru.
  4528 | D:7      | Found a white marble altar of Elyvilon.
  4533 | D:7      | Reached skill level 7 in Crossbows
  4781 | D:7      | Reached XP level 9. HP: 65/65 MP: 9/9
  4807 | D:7      | Gained mutation: You are partially covered in rugged brown
                  | scales. (AC +1, +3% HP) [potion of mutation]
  4807 | D:7      | Lost mutation: You are partially covered in rugged brown
                  | scales. (AC +1, +3% HP) [potion of mutation]
  4807 | D:7      | Gained mutation: You possess an exceptional clarity of
                  | mind. [potion of mutation]
  4816 | D:7      | Found a stormy altar of Qazlal.
  5142 | D:7      | Reached skill level 8 in Crossbows
  5299 | D:7      | Found a sacrificial altar of Ru.
  5590 | D:8      | Killed a two-headed ogre
  6184 | D:8      | Learned a level 3 spell: Mephitic Cloud
  6274 | D:8      | Noticed a two-headed ogre
  6779 | D:8      | Reached XP level 10. HP: 65/66 MP: 10/10
  7458 | D:8      | Killed a two-headed ogre
  7459 | D:8      | Reached skill level 1 in Spellcasting
  7459 | D:8      | Reached skill level 1 in Conjurations
  7459 | D:8      | Reached skill level 1 in Air Magic
  7459 | D:8      | Reached skill level 1 in Poison Magic
  7609 | D:8      | Learned a level 1 spell: Sting
  7714 | D:9      | Noticed an efreet
  7718 | D:9      | Found a bloodstained altar of Trog.
  7763 | D:9      | HP: 3/73 [efreet/+0 scimitar of flaming (3)]
  7764 | D:9      | Killed from afar by an efreet

Illustrated notes

Levels and vault maps discovered:
D:1:      dpeg_arrival_three_same_balls, layout_basic, minmay_statues_item
D:2:      layout_loops_ring, old_standard_altar, grunt_decor_cap
D:3:      layout_loops_ring
D:4:      layout_basic, minmay_temple_entry_glass
D:5:      layout_loops_ring, serial_shops, shop
D:6:      layout_rooms, lemuel_crystal_altar, okawaru_altar_gauntlet_db,
          gammafunk_temple_overflow_pools, uniq_blork_the_orc
D:7:      cheibrodos_fzero, layout_basic, general_overflow_altar,
          old_standard_altar, elyvilon_altar_3
D:8:      layout_loops_ring, lemuel_flamethrower_2
D:9:      layout_loops_ring, nicolae_overflow_hidden_temple,
          nicolae_overflow_crystal_walls, orc_0_dummy, enter_bailey_3

Skill      XL: |  1  2  3  4  5  6  7  8  9 10 |
---------------+-------------------------------+-----
Armour         | 1 2 3 |  3.7
Short Blades   | 1 2 3 |  3.7
Crossbows      | 5 6 7 8 |  8.9
Throwing       | 1 2 3 |  3.5
Shields        | 1 2 3 |  3.4
Stealth        | 2 3 4 |  4.1
Evocations     | 1 2 3 |  3.2
Long Blades    | 1 2 3 |  3.3
Fighting       | 3 4 |  4.8
Dodging        | 3 4 |  4.2
Spellcasting   | 1 |  1.2
Conjurations   | 1 |  1.2
Air Magic      | 1 |  1.2
Poison Magic   | 1 |  1.2

Action                   |  1- 3 |  4- 6 |  7- 9 | 10-12 || total
-------------------------+-------+-------+-------+-------++-------
Melee: Short sword       |    17 |    19 |    52 |       ||    88
       Dagger            |       |       |    32 |    44 ||    76
 Fire: Hand crossbow     |    63 |   105 |   231 |    18 ||   417
Throw: Dart              |     3 |    15 |     5 |    15 ||    38
       Boomerang         |       |       |     5 |       ||     5
       Javelin           |       |       |     3 |     3 ||     6
Invok: Potion Petition   |       |       |     2 |       ||     2
Evoke: Wand              |       |     2 |    24 |    13 ||    39
  Use: Scroll            |     9 |    11 |    10 |     4 ||    34
       Potion            |     1 |     5 |    11 |     1 ||    18
 Stab: Invisible         |       |       |       |     2 ||     2
       Sleeping          |       |       |       |     1 ||     1
Armor: Leather armour    |    11 |    22 |    21 |     6 ||    60
       Skin              |       |       |     8 |       ||     8
Dodge: Dodged            |    17 |    36 |    84 |    30 ||   167
Block: Buckler           |     7 |    24 |    43 |    12 ||    86
